Manitoba Moose vs Hartford Wolf Pack

Created - 28 septembre 2021 at 12:57

Simulating a Pre-Season

Goals
1 2 3 T
Manitoba Moose 1 2 0 3
Hartford Wolf Pack 1 1 2 4
Shots
1 2 3 T
Manitoba Moose 8 17 9 34
Hartford Wolf Pack 10 10 17 37

1st period

1. Manitoba Moose , Mikhail Grigorenko 6 (Eetu Luostarinen 8) at 2:51
2. Hartford Wolf Pack , Gustav Olofsson 1 (Sheldon Dries 2, Dakota Joshua 1) at 18:26

Penalties :
Shane Gersich (MOO) for Slashing (Minor) at 8:46, Thomas Schemitsch (MOO) for Tripping (Minor) at 10:57, Shane Gersich (MOO) for High sticking (Minor) at 15:54

2nd period

3. Manitoba Moose , Peter Abbandonato 3 (Jake Walman 3) at 1:18
4. Hartford Wolf Pack , Nicholas Robertson 5 (Philippe Maillet 5, Aleksi Heponiemi 4) at 5:52
5. Manitoba Moose , Daniel Walcott 1 (Brian Lashoff 3, Bryce Misley 2) at 13:13

Penalties :
Philip Tomasino (WLF) for Hooking (Minor) at 2:22

3rd period

6. Hartford Wolf Pack , Philippe Maillet 5 (Aleksi Heponiemi 5, Nicholas Robertson 2) at 9:10
7. Hartford Wolf Pack , Jeff Malott 2 (Noah Dobson 6, Sasha Chmelevski 7) at 11:57

Penalties :
Shane Gersich (MOO) for Hooking (Minor) at 18:09, Philippe Maillet (WLF) for Hooking (Minor) at 18:42

Goalie Stats

Christopher Gibson (MOO), 33 saves from 37 shots - (0,892), L, 2-2-0, 60:00 minutes
Beck Warm (WLF), 31 saves from 34 shots - (0,912), W, 3-4-0, 60:00 minutes

Players Stats for Manitoba Moose

Player Name              G  A  P  +/- PIM S  H  SB GA TA FO     MP     PP MP  PK MP  
------------------------------------------------------------------------------------
Andreas Borgman          0  0  0  -2  0   1  1  3  1  3  0/0    19:55   0:45   2:45 
Bode Wilde               0  0  0   1  0   0  0  1  0  1  0/0     4:36   0:00   0:00 
Brian Lashoff            0  1  1   1  0   3  3  3  1  0  0/0    25:03   1:14   3:45 
Bryce Misley             0  1  1   1  0   3  4  0  0  0  1/2     8:35   0:03   0:00 
Chase Pearson            0  0  0   0  0   1  6  1  0  0  8/21   19:28   0:47   2:06 
Cole Koepke              0  0  0   0  0   3  1  0  0  1  0/0    14:33   0:47   0:00 
Daniel Walcott           1  0  1   1  0   2  0  0  1  1  0/0     7:50   0:00   0:00 
Eetu Luostarinen         0  1  1   0  0   2  1  2  1  0  3/9    21:41   1:09   3:21 
Gerald Mayhew            0  0  0  -2  0   3  2  1  0  0  1/1    14:53   1:09   2:06 
Guillaume Brisebois      0  0  0  -1  0   1  0  2  1  1  0/0    10:26   0:00   0:00 
Jake Walman              0  1  1  -2  0   1  1  2  0  1  0/0    19:55   0:45   2:45 
Jared McIsaac            0  0  0   1  0   0  0  0  0  0  0/0     4:36   0:00   0:00 
Mikhail Grigorenko       1  0  1   0  0   4  1  0  0  1  0/2    21:41   1:09   3:21 
Peter Abbandonato        1  0  1   0  0   1  0  1  3  0  9/12   15:13   0:00   1:03 
Samuel Morin             0  0  0   0  0   3  2  0  0  1  0/0    16:00   0:47   1:03 
Scott Sabourin           0  0  0   1  0   0  0  0  0  0  0/0     8:11   0:03   0:00 
Sean Malone              0  0  0  -2  0   0  4  0  0  0  5/7    12:14   0:03   0:00 
Shane Gersich            0  0  0  -2  6   1  2  0  0  0  0/0    11:28   0:00   0:00 
Thomas Schemitsch        0  0  0  -1  2   2  1  0  0  1  0/0    10:48   0:00   0:00 
Victor Mete              0  0  0   1  0   3  2  0  0  0  0/0    25:03   1:14   3:45 

Players Stats for Hartford Wolf Pack

Player Name              G  A  P  +/- PIM S  H  SB GA TA FO     MP     PP MP  PK MP  
------------------------------------------------------------------------------------
Adam Ruzicka             0  0  0  -3  0   6  3  0  0  1  10/19  22:02   3:21   1:06 
Aleksi Heponiemi         0  2  2   2  0   2  3  0  0  1  0/0    16:08   2:48   0:00 
Arthur Kaliyev           0  0  0  -3  0   2  0  0  1  0  4/7    22:06   3:25   1:06 
Brandon Biro             0  0  0   1  0   1  0  0  0  0  1/2     8:44   0:00   0:00 
Caleb Jones              0  0  0   1  0   0  2  0  1  0  0/0    26:44   3:53   1:20 
Dakota Joshua            0  1  1   1  0   1  0  0  0  0  4/5     9:37   0:24   0:09 
Dylan Samberg            0  0  0  -1  0   0  2  0  0  1  0/0    12:12   0:00   0:00 
Gustav Olofsson          1  0  1   1  0   2  1  1  0  1  0/0    21:04   2:37   0:39 
Jeff Malott              1  0  1   1  0   1  0  0  0  0  0/0    12:28   0:00   0:53 
Josh Mahura              0  0  0   1  0   2  1  0  0  1  0/0    21:04   2:37   0:39 
Karson Kuhlman           0  0  0   1  0   1  1  0  0  0  0/1    11:39   0:14   0:00 
Marc Del Gaizo           0  0  0  -1  0   0  2  1  0  0  0/0    12:12   0:00   0:00 
Nicholas Robertson       1  1  2   2  0   3  4  0  1  0  0/0    16:13   2:48   0:05 
Noah Dobson              0  1  1   1  0   2  1  2  2  0  0/0    26:44   3:53   1:20 
Philip Tomasino          0  0  0   1  2   3  2  0  1  0  1/6    12:08   0:00   0:00 
Philippe Maillet         1  1  2   2  2   3  1  0  2  3  7/13   16:46   2:47   0:39 
Sasha Chmelevski         0  1  1  -3  0   3  3  1  1  0  0/1    19:33   3:21   0:00 
Sheldon Dries            0  1  1   1  0   5  1  0  2  0  0/0     9:18   0:21   0:00 

3 Stars

1 - Nicholas Robertson (WLF)
2 - Aleksi Heponiemi (WLF)
3 - Philippe Maillet (WLF)

Power Play

Manitoba Moose - 0 on 2 Attempt(s) - 0,00%
Hartford Wolf Pack - 0 on 4 Attempt(s) - 0,00%

Penalty Kill

Manitoba Moose - 4 on 4 Attempt(s) - 100,00% - Score 0 goal in Penalty Kill
Hartford Wolf Pack - 2 on 2 Attempt(s) - 100,00% - Score 0 goal in Penalty Kill

Team Stat

Manitoba Moose - Hits : 31 - Faceoff Wins : 27 - Blocked Shots : 16 - Penalty Minutes : 8
Hartford Wolf Pack - Hits : 27 - Faceoff Wins : 27 - Blocked Shots : 5 - Penalty Minutes : 4

Official

Referees : Steve Kozari and Tom Chmielewski
Linesman : Luke Galvin and Stephen Drain

Game Notes

No Game Note

Manitoba Moose

5 vs 5 Forward 
   Center                   Left Wing                Right Wing               Time % Phy DF OF 
 1 Chase Pearson            Eetu Luostarinen         Mikhail Grigorenko       40     1   2  2  
 2 Peter Abbandonato        Samuel Morin             Cole Koepke              30     1   2  2  
 3 Sean Malone              Shane Gersich            Gerald Mayhew            20     1   2  2  
 4 Bryce Misley             Daniel Walcott           Scott Sabourin           10     1   2  2  

5 vs 5 Defense 
   Defense                  Defense                                           Time % Phy DF OF 
 1 Victor Mete              Brian Lashoff                                     40     1   2  2  
 2 Jake Walman              Andreas Borgman                                   30     1   2  2  
 3 Thomas Schemitsch        Guillaume Brisebois                               20     1   2  2  
 4 Bode Wilde               Jared McIsaac                                     10     1   2  2  

PowerPlay Forward 
   Center                   Left Wing                Right Wing               Time % Phy DF OF 
 1 Eetu Luostarinen         Mikhail Grigorenko       Gerald Mayhew            60     1   2  2  
 2 Chase Pearson            Samuel Morin             Cole Koepke              40     1   2  2  

PowerPlay Defense
   Defense                  Defense                                           Time % Phy DF OF 
 1 Victor Mete              Brian Lashoff                                     60     1   2  2  
 2 Jake Walman              Andreas Borgman                                   40     1   2  2  

Penalty Kill 4 Players Forward 
   Center                   Wing                     Time % Phy DF OF 
 1 Eetu Luostarinen         Mikhail Grigorenko       60     1   2  2  
 2 Gerald Mayhew            Chase Pearson            40     1   2  2  

Penalty Kill 4 Players Defense
   Defense                  Defense                  Time % Phy DF OF 
 1 Victor Mete              Brian Lashoff            60     1   2  2  
 2 Jake Walman              Andreas Borgman          40     1   2  2  

Penalty Kill - 3 Players Forward 
   Forward                                           Time % Phy DF OF 
 1 Eetu Luostarinen                                  60     1   2  2  
 2 Mikhail Grigorenko                                40     1   2  2  

Penalty Kill - 3 Players Defense
   Defense                  Defense                  Time % Phy DF OF 
 1 Victor Mete              Brian Lashoff            60     1   2  2  
 2 Jake Walman              Andreas Borgman          40     1   2  2  

4 vs 4 Forward 
   Center                   Wing                     Time % Phy DF OF 
 1 Eetu Luostarinen         Mikhail Grigorenko       60     1   2  2  
 2 Gerald Mayhew            Chase Pearson            40     1   2  2  

4 vs 4 Defense
   Defense                  Defense                  Time % Phy DF OF 
 1 Victor Mete              Brian Lashoff            60     1   2  2  
 2 Jake Walman              Andreas Borgman          40     1   2  2  

Last Minutes Offensive
   Center                   Left Wing                Right Wing               Defense                  Defense                  
   Eetu Luostarinen         Mikhail Grigorenko       Gerald Mayhew            Victor Mete              Brian Lashoff            

Last Minutes Defensive
   Center                   Left Wing                Right Wing               Defense                  Defense                  
   Eetu Luostarinen         Mikhail Grigorenko       Gerald Mayhew            Victor Mete              Brian Lashoff            

Goaltenders
Starting : Christopher Gibson       
Backup : Justus Annunen           

Extra Forwards
Normal : Bryce Misley, Sean Malone, Peter Abbandonato - PP : Bryce Misley, Sean Malone - PK : Peter Abbandonato
Extra Defensemen
Normal : Jared McIsaac, Thomas Schemitsch, Guillaume Brisebois - PP : Jared McIsaac - PK : Thomas Schemitsch, Guillaume Brisebois
Penalty Shots
Eetu Luostarinen, Mikhail Grigorenko, Gerald Mayhew, Chase Pearson, Sean Malone

Scratches
Miles Gendron (Healthy), Filip Larsson (Healthy), Evan Cormier (Healthy)

Hartford Wolf Pack

5 vs 5 Forward 
   Center                   Left Wing                Right Wing               Time % Phy DF OF 
 1 Adam Ruzicka             Arthur Kaliyev           Sasha Chmelevski         40     1   2  2  
 2 Philippe Maillet         Nicholas Robertson       Aleksi Heponiemi         30     1   2  2  
 3 Philip Tomasino          Jeff Malott              Karson Kuhlman           20     1   2  2  
 4 Dakota Joshua            Brandon Biro             Sheldon Dries            10     1   2  2  

5 vs 5 Defense 
   Defense                  Defense                                           Time % Phy DF OF 
 1 Noah Dobson              Caleb Jones                                       40     1   2  2  
 2 Josh Mahura              Gustav Olofsson                                   30     1   2  2  
 3 Dylan Samberg            Marc Del Gaizo                                    20     1   2  2  
 4 Noah Dobson              Caleb Jones                                       10     1   2  2  

PowerPlay Forward 
   Center                   Left Wing                Right Wing               Time % Phy DF OF 
 1 Adam Ruzicka             Arthur Kaliyev           Sasha Chmelevski         60     1   2  2  
 2 Philippe Maillet         Nicholas Robertson       Aleksi Heponiemi         40     1   2  2  

PowerPlay Defense
   Defense                  Defense                                           Time % Phy DF OF 
 1 Noah Dobson              Caleb Jones                                       60     1   2  2  
 2 Josh Mahura              Gustav Olofsson                                   40     1   2  2  

Penalty Kill 4 Players Forward 
   Center                   Wing                     Time % Phy DF OF 
 1 Arthur Kaliyev           Adam Ruzicka             60     1   2  2  
 2 Philippe Maillet         Philip Tomasino          40     1   2  2  

Penalty Kill 4 Players Defense
   Defense                  Defense                  Time % Phy DF OF 
 1 Noah Dobson              Caleb Jones              60     1   2  2  
 2 Josh Mahura              Gustav Olofsson          40     1   2  2  

Penalty Kill - 3 Players Forward 
   Forward                                           Time % Phy DF OF 
 1 Arthur Kaliyev                                    60     1   2  2  
 2 Adam Ruzicka                                      40     1   2  2  

Penalty Kill - 3 Players Defense
   Defense                  Defense                  Time % Phy DF OF 
 1 Noah Dobson              Caleb Jones              60     1   2  2  
 2 Josh Mahura              Gustav Olofsson          40     1   2  2  

4 vs 4 Forward 
   Center                   Wing                     Time % Phy DF OF 
 1 Arthur Kaliyev           Adam Ruzicka             60     1   2  2  
 2 Philippe Maillet         Philip Tomasino          40     1   2  2  

4 vs 4 Defense
   Defense                  Defense                  Time % Phy DF OF 
 1 Noah Dobson              Caleb Jones              60     1   2  2  
 2 Josh Mahura              Gustav Olofsson          40     1   2  2  

Last Minutes Offensive
   Center                   Left Wing                Right Wing               Defense                  Defense                  
   Adam Ruzicka             Arthur Kaliyev           Sasha Chmelevski         Noah Dobson              Caleb Jones              

Last Minutes Defensive
   Center                   Left Wing                Right Wing               Defense                  Defense                  
   Adam Ruzicka             Arthur Kaliyev           Sasha Chmelevski         Noah Dobson              Caleb Jones              

Goaltenders
Starting : Beck Warm                
Backup : Trent Miner              

Extra Forwards
Normal : Dakota Joshua, Sheldon Dries, Jeff Malott - PP : Dakota Joshua, Sheldon Dries - PK : Jeff Malott
Extra Defensemen
Normal : Dylan Samberg, Marc Del Gaizo, Josh Mahura - PP : Dylan Samberg - PK : Marc Del Gaizo, Josh Mahura
Penalty Shots
Arthur Kaliyev, Adam Ruzicka, Philippe Maillet, Philip Tomasino, Sheldon Dries

Scratches
Antti Suomela (Healthy), Kalle Kossila (Healthy), Marc Michaelis (Healthy), Jonathan Aspirot (Healthy), Dmitry Zavgorodniy (Healthy)
Tyler Graovac (Healthy), Declan Chisholm (Healthy), Colton Poolman (Healthy), Jerad Rosburg (Healthy), Adam Huska (Healthy)
Dylan Ferguson (Healthy)

% Time on Ice - Manitoba Moose

Lines # - Real PCT - Wanted PCT - Time Play
Normal Forward
1 - 34% - 40% - 17:08
2 - 27% - 30% - 13:47
3 - 23% - 20% - 11:29
4 - 16% - 10% - 7:50
Normal Defense
1 - 39% - 40% - 19:23
2 - 31% - 30% - 15:49
3 - 21% - 20% - 10:26
4 - 9% - 10% - 4:36
PP Forward
1 - 61% - 60% - 1:12
2 - 39% - 40% - 0:47
PP Defense
1 - 62% - 60% - 1:14
2 - 38% - 40% - 0:45
PK Forward
1 - 68% - 60% - 4:24
2 - 32% - 40% - 2:06
PK Defense
1 - 58% - 60% - 3:45
2 - 42% - 40% - 2:45
PK3 Forward
1 - 0% - 60%
2 - 0% - 40%
PK3 Defense
1 - 0% - 60%
2 - 0% - 40%
44 Forward
1 - 90% - 60% - 1:09
2 - 10% - 40% - 0:08
44 Defense
1 - 53% - 60% - 0:41
2 - 47% - 40% - 0:36
Last Minute Offensive  - 0:00
Last Minute Defensive  - 0:00
Total
Forward - 60:00
Defense - 60:00

% Time on Ice - Hartford Wolf Pack

Lines # - Real PCT - Wanted PCT - Time Play
Normal Forward
1 - 33% - 40% - 16:45
2 - 27% - 30% - 13:20
3 - 23% - 20% - 11:25
4 - 17% - 10% - 8:44
Normal Defense
1 - 36% - 40% - 18:17
2 - 35% - 30% - 17:26
3 - 24% - 20% - 12:12
4 - 5% - 10% - 2:19
PP Forward
1 - 57% - 60% - 3:42
2 - 43% - 40% - 2:48
PP Defense
1 - 60% - 60% - 3:53
2 - 40% - 40% - 2:37
PK Forward
1 - 67% - 60% - 1:20
2 - 33% - 40% - 0:39
PK Defense
1 - 67% - 60% - 1:20
2 - 33% - 40% - 0:39
PK3 Forward
1 - 0% - 60%
2 - 0% - 40%
PK3 Defense
1 - 0% - 60%
2 - 0% - 40%
44 Forward
1 - 86% - 60% - 1:06
2 - 14% - 40% - 0:11
44 Defense
1 - 71% - 60% - 0:55
2 - 29% - 40% - 0:22
Last Minute Offensive  - 0:00
Last Minute Defensive  - 0:00
Total
Forward - 60:00
Defense - 60:00

Play-by-Play

1st period


0:01 of 1st period - Adam Ruzicka wins face-off versus Chase Pearson in neutral zone.
0:04 of 1st period - Victor Mete is hit by Adam Ruzicka and loses puck.
0:51 of 1st period - Slapshot by Noah Dobson.
0:51 of 1st period - Shot Blocked by Andreas Borgman.
0:53 of 1st period - Slapshot by Noah Dobson.
0:53 of 1st period - Stopped by Christopher Gibson without a rebound.
0:54 of 1st period - Dakota Joshua wins face-off versus Bryce Misley in Manitoba Moose zone.
1:27 of 1st period - Wrist shot by Mikhail Grigorenko.
1:27 of 1st period - Stopped by Beck Warm with a rebound.
1:29 of 1st period - Wrist shot by Thomas Schemitsch.
1:29 of 1st period - Stopped by Beck Warm with a rebound.
1:41 of 1st period - Philip Tomasino is hit by Jake Walman and loses puck.
1:48 of 1st period - Wrist shot by Peter Abbandonato.
1:48 of 1st period - Shot Blocked by Gustav Olofsson.
2:18 of 1st period - Snap shot by Sheldon Dries.
2:18 of 1st period - Stopped by Christopher Gibson with a rebound.
2:51 of 1st period - Slapshot by Mikhail Grigorenko.
2:51 of 1st period - Goal by Mikhail Grigorenko - Manitoba Moose : 1 - Hartford Wolf Pack : 0.
2:52 of 1st period - Peter Abbandonato wins face-off versus Adam Ruzicka in neutral zone.
3:18 of 1st period - Adam Ruzicka is hit by Sean Malone and loses puck.
3:27 of 1st period - Wrist shot by Shane Gersich.
3:27 of 1st period - Stopped by Beck Warm with a rebound.
3:29 of 1st period - Slapshot by Jake Walman.
3:29 of 1st period - Shot Misses the Net.
3:31 of 1st period - Snap shot by Jake Walman.
3:31 of 1st period - Shot Misses the Net.
3:43 of 1st period - Marc Del Gaizo is hit by Eetu Luostarinen and loses puck.
4:23 of 1st period - Slapshot by Sheldon Dries.
4:23 of 1st period - Shot Misses the Net.
5:13 of 1st period - Wrist shot by Samuel Morin.
5:13 of 1st period - Stopped by Beck Warm with a rebound.
5:15 of 1st period - Snap shot by Cole Koepke.
5:15 of 1st period - Stopped by Beck Warm with a rebound.
5:46 of 1st period - Victor Mete is hit by Caleb Jones and loses puck.
6:28 of 1st period - Sasha Chmelevski is hit by Cole Koepke and loses puck.
7:03 of 1st period - Nicholas Robertson is hit by Andreas Borgman and loses puck.
7:08 of 1st period - Wrist shot by Daniel Walcott.
7:08 of 1st period - Shot Misses the Net.
7:10 of 1st period - Slapshot by Andreas Borgman.
7:10 of 1st period - Shot Misses the Net.
7:12 of 1st period - Slapshot by Daniel Walcott.
7:12 of 1st period - Stopped by Beck Warm without a rebound.
7:13 of 1st period - Chase Pearson wins face-off versus Adam Ruzicka in Hartford Wolf Pack zone.
7:28 of 1st period - Wrist shot by Mikhail Grigorenko.
7:28 of 1st period - Stopped by Beck Warm with a rebound.
7:40 of 1st period - Cole Koepke is hit by Marc Del Gaizo and loses puck.
7:51 of 1st period - Snap shot by Nicholas Robertson.
7:51 of 1st period - Shot Misses the Net.
8:07 of 1st period - Wrist shot by Sheldon Dries.
8:07 of 1st period - Stopped by Christopher Gibson without a rebound.
8:08 of 1st period - Dakota Joshua wins face-off versus Chase Pearson in Manitoba Moose zone.
8:23 of 1st period - Snap shot by Sheldon Dries.
8:23 of 1st period - Shot Misses the Net.
8:25 of 1st period - Snap shot by Brandon Biro.
8:25 of 1st period - Shot Misses the Net.
8:27 of 1st period - Snap shot by Dakota Joshua.
8:27 of 1st period - Stopped by Christopher Gibson with a rebound.
8:29 of 1st period - Wrist shot by Dakota Joshua.
8:29 of 1st period - Deflect By Sheldon Dries.
8:29 of 1st period - Shot Blocked by Eetu Luostarinen.
8:29 of 1st period - Puck is out of play.
8:30 of 1st period - Sean Malone wins face-off versus Arthur Kaliyev in Manitoba Moose zone.
8:36 of 1st period - Josh Mahura is hit by Shane Gersich and loses puck.
8:46 of 1st period - Minor Penalty to Shane Gersich for Slashing.
8:47 of 1st period - Adam Ruzicka wins face-off versus Eetu Luostarinen in Manitoba Moose zone.
9:47 of 1st period - Andreas Borgman is hit by Gustav Olofsson and loses puck.
10:14 of 1st period - Brian Lashoff is hit by Sasha Chmelevski and loses puck.
10:46 of 1st period - Penalty to Shane Gersich is over, Shane Gersich is back on ice.
10:57 of 1st period - Minor Penalty to Thomas Schemitsch for Tripping.
10:58 of 1st period - Eetu Luostarinen wins face-off versus Philippe Maillet in Manitoba Moose zone.
11:25 of 1st period - Josh Mahura is hit by Chase Pearson and loses puck.
11:54 of 1st period - Gerald Mayhew is hit by Noah Dobson and loses puck.
12:48 of 1st period - Caleb Jones is hit by Samuel Morin and loses puck.
12:57 of 1st period - Penalty to Thomas Schemitsch is over, Thomas Schemitsch is back on ice.
13:39 of 1st period - Scott Sabourin is hit by Dylan Samberg and loses puck.
13:52 of 1st period - Jeff Malott is hit by Sean Malone and loses puck.
15:11 of 1st period - Off-side.
15:12 of 1st period - Philip Tomasino wins face-off versus Chase Pearson in neutral zone.
15:12 of 1st period - Philip Tomasino is hit by Mikhail Grigorenko.
15:46 of 1st period - Arthur Kaliyev is hit by Sean Malone and loses puck.
15:54 of 1st period - Minor Penalty to Shane Gersich for High sticking.
15:55 of 1st period - Eetu Luostarinen wins face-off versus Adam Ruzicka in Manitoba Moose zone.
16:03 of 1st period - Snap shot by Arthur Kaliyev.
16:03 of 1st period - Shot Misses the Net.
16:37 of 1st period - Jake Walman is hit by Caleb Jones and loses puck.
17:45 of 1st period - Icing by Sasha Chmelevski.
17:46 of 1st period - Adam Ruzicka wins face-off versus Mikhail Grigorenko in Hartford Wolf Pack zone.
17:54 of 1st period - Penalty to Shane Gersich is over, Shane Gersich is back on ice.
18:01 of 1st period - Caleb Jones is hit by Samuel Morin and loses puck.
18:22 of 1st period - Snap shot by Sheldon Dries.
18:22 of 1st period - Stopped by Christopher Gibson with a rebound.
18:24 of 1st period - Slapshot by Gustav Olofsson.
18:24 of 1st period - Stopped by Christopher Gibson with a rebound.
18:26 of 1st period - Slapshot by Gustav Olofsson.
18:26 of 1st period - Deflect By Gerald Mayhew.
18:26 of 1st period - Goal by Gustav Olofsson - Manitoba Moose : 1 - Hartford Wolf Pack : 1.
18:27 of 1st period - Adam Ruzicka wins face-off versus Chase Pearson in neutral zone.
18:40 of 1st period - Sasha Chmelevski is hit by Chase Pearson and loses puck.
18:58 of 1st period - Snap shot by Philippe Maillet.
18:58 of 1st period - Deflect By Nicholas Robertson.
18:58 of 1st period - Stopped by Christopher Gibson with a rebound.
19:00 of 1st period - Slapshot by Josh Mahura.
19:00 of 1st period - Stopped by Christopher Gibson without a rebound.
19:01 of 1st period - Philippe Maillet wins face-off versus Chase Pearson in Manitoba Moose zone.
19:33 of 1st period - Wrist shot by Sasha Chmelevski.
19:33 of 1st period - Stopped by Christopher Gibson with a rebound.
19:39 of 1st period - Snap shot by Arthur Kaliyev.
19:39 of 1st period - Shot Misses the Net.
19:53 of 1st period - Jeff Malott is hit by Brian Lashoff and loses puck.
19:58 of 1st period - Snap shot by Gerald Mayhew.
19:58 of 1st period - Shot Hit the Post.
Goals for this period are 1 for Manitoba Moose vs 1 for Hartford Wolf Pack.
Shots for this period are 8 for Manitoba Moose vs 10 for Hartford Wolf Pack.

2nd period


0:01 of 2nd period - Chase Pearson wins face-off versus Adam Ruzicka in neutral zone.
0:47 of 2nd period - Snap shot by Philip Tomasino.
0:47 of 2nd period - Shot Misses the Net.
0:49 of 2nd period - Slapshot by Brandon Biro.
0:49 of 2nd period - Stopped by Christopher Gibson with a rebound.
0:51 of 2nd period - Slapshot by Dylan Samberg.
0:51 of 2nd period - Deflect By Sheldon Dries.
0:51 of 2nd period - Deflect By Gerald Mayhew.
0:51 of 2nd period - Shot Blocked by Jake Walman.
0:51 of 2nd period - Puck is out of play.
0:52 of 2nd period - Chase Pearson wins face-off versus Brandon Biro in Manitoba Moose zone.
1:18 of 2nd period - Wrist shot by Peter Abbandonato.
1:18 of 2nd period - Deflect By Sasha Chmelevski.
1:18 of 2nd period - Goal by Peter Abbandonato - Manitoba Moose : 2 - Hartford Wolf Pack : 1.
1:19 of 2nd period - Adam Ruzicka wins face-off versus Chase Pearson in neutral zone.
1:24 of 2nd period - Backhand shot by Adam Ruzicka.
1:24 of 2nd period - Shot Misses the Net.
1:44 of 2nd period - Victor Mete is hit by Aleksi Heponiemi and loses puck.
1:53 of 2nd period - Peter Abbandonato is hit by Philippe Maillet and loses puck.
2:16 of 2nd period - Philip Tomasino is hit by Bryce Misley and loses puck.
2:22 of 2nd period - Minor Penalty to Philip Tomasino for Hooking.
2:23 of 2nd period - Arthur Kaliyev wins face-off versus Eetu Luostarinen in Hartford Wolf Pack zone.
2:35 of 2nd period - Slapshot by Mikhail Grigorenko.
2:35 of 2nd period - Shot Misses the Net.
2:37 of 2nd period - Slapshot by Mikhail Grigorenko.
2:37 of 2nd period - Deflect By Noah Dobson.
2:37 of 2nd period - Shot Hit the Post.
2:37 of 2nd period - Puck is out of play.
2:38 of 2nd period - Arthur Kaliyev wins face-off versus Eetu Luostarinen in Hartford Wolf Pack zone.
2:47 of 2nd period - Snap shot by Mikhail Grigorenko.
2:47 of 2nd period - Shot Misses the Net.
2:49 of 2nd period - Slapshot by Brian Lashoff.
2:49 of 2nd period - Deflect By Noah Dobson.
2:49 of 2nd period - Stopped by Beck Warm with a rebound.
2:51 of 2nd period - Wrist shot by Mikhail Grigorenko.
2:51 of 2nd period - Shot Misses the Net.
2:53 of 2nd period - Snap shot by Gerald Mayhew.
2:53 of 2nd period - Shot Misses the Net.
3:09 of 2nd period - Slapshot by Victor Mete.
3:09 of 2nd period - Shot Blocked by Noah Dobson.
3:11 of 2nd period - Wrist shot by Chase Pearson.
3:11 of 2nd period - Shot Misses the Net.
4:22 of 2nd period - Penalty to Philip Tomasino is over, Philip Tomasino is back on ice.
4:29 of 2nd period - Snap shot by Philip Tomasino.
4:29 of 2nd period - Shot Blocked by Andreas Borgman.
4:35 of 2nd period - Gustav Olofsson is hit by Bryce Misley and loses puck.
5:20 of 2nd period - Snap shot by Sheldon Dries.
5:20 of 2nd period - Stopped by Christopher Gibson without a rebound.
5:21 of 2nd period - Dakota Joshua wins face-off versus Sean Malone in Manitoba Moose zone.
5:21 of 2nd period - Noah Dobson is hit by Shane Gersich and loses puck.
5:42 of 2nd period - Wrist shot by Chase Pearson.
5:42 of 2nd period - Stopped by Beck Warm without a rebound.
5:43 of 2nd period - Philippe Maillet wins face-off versus Chase Pearson in Hartford Wolf Pack zone.
5:52 of 2nd period - Slapshot by Philippe Maillet.
5:52 of 2nd period - Deflect By Nicholas Robertson.
5:52 of 2nd period - Goal by Nicholas Robertson - Manitoba Moose : 2 - Hartford Wolf Pack : 2.
5:53 of 2nd period - Chase Pearson wins face-off versus Adam Ruzicka in neutral zone.
8:11 of 2nd period - Wrist shot by Jeff Malott.
8:11 of 2nd period - Shot Blocked by Peter Abbandonato.
8:26 of 2nd period - Jared McIsaac is hit by Dylan Samberg and loses puck.
9:02 of 2nd period - Snap shot by Noah Dobson.
9:02 of 2nd period - Shot Blocked by Brian Lashoff.
9:08 of 2nd period - Brandon Biro is hit by Sean Malone and loses puck.
9:21 of 2nd period - Bryce Misley is hit by Philip Tomasino and loses puck.
9:30 of 2nd period - Andreas Borgman is hit by Karson Kuhlman and loses puck.
9:49 of 2nd period - Jake Walman is hit by Aleksi Heponiemi and loses puck.
10:13 of 2nd period - Snap shot by Arthur Kaliyev.
10:13 of 2nd period - Deflect By Adam Ruzicka.
10:13 of 2nd period - Stopped by Christopher Gibson without a rebound.
10:14 of 2nd period - Chase Pearson wins face-off versus Sasha Chmelevski in Manitoba Moose zone.
10:21 of 2nd period - Gustav Olofsson is hit by Thomas Schemitsch and loses puck.
10:28 of 2nd period - Slapshot by Josh Mahura.
10:28 of 2nd period - Stopped by Christopher Gibson with a rebound.
10:30 of 2nd period - Snap shot by Arthur Kaliyev.
10:30 of 2nd period - Shot Misses the Net.
10:44 of 2nd period - Wrist shot by Gerald Mayhew.
10:44 of 2nd period - Stopped by Beck Warm without a rebound.
10:45 of 2nd period - Sean Malone wins face-off versus Philippe Maillet in Hartford Wolf Pack zone.
10:49 of 2nd period - Icing by Caleb Jones.
10:50 of 2nd period - Chase Pearson wins face-off versus Philippe Maillet in Hartford Wolf Pack zone.
11:17 of 2nd period - Wrist shot by Philip Tomasino.
11:17 of 2nd period - Stopped by Christopher Gibson with a rebound.
11:23 of 2nd period - Slapshot by Eetu Luostarinen.
11:23 of 2nd period - Stopped by Beck Warm without a rebound.
11:24 of 2nd period - Peter Abbandonato wins face-off versus Philip Tomasino in Hartford Wolf Pack zone.
11:27 of 2nd period - Wrist shot by Cole Koepke.
11:27 of 2nd period - Shot Misses the Net.
11:29 of 2nd period - Slapshot by Andreas Borgman.
11:29 of 2nd period - Stopped by Beck Warm with a rebound.
11:56 of 2nd period - Snap shot by Shane Gersich.
11:56 of 2nd period - Shot Misses the Net.
11:58 of 2nd period - Snap shot by Victor Mete.
11:58 of 2nd period - Shot Misses the Net.
12:08 of 2nd period - Josh Mahura is hit by Chase Pearson.
12:12 of 2nd period - Josh Mahura is hit by Brian Lashoff and loses puck.
12:38 of 2nd period - Scott Sabourin is hit by Sasha Chmelevski and loses puck.
13:07 of 2nd period - Slapshot by Victor Mete.
13:07 of 2nd period - Stopped by Beck Warm with a rebound.
13:09 of 2nd period - Snap shot by Bryce Misley.
13:09 of 2nd period - Stopped by Beck Warm with a rebound.
13:11 of 2nd period - Slapshot by Brian Lashoff.
13:11 of 2nd period - Stopped by Beck Warm with a rebound.
13:13 of 2nd period - Wrist shot by Daniel Walcott.
13:13 of 2nd period - Goal by Daniel Walcott - Manitoba Moose : 3 - Hartford Wolf Pack : 2.
13:14 of 2nd period - Philippe Maillet wins face-off versus Chase Pearson in neutral zone.
13:31 of 2nd period - Caleb Jones is hit by Chase Pearson and loses puck.
13:42 of 2nd period - Wrist shot by Samuel Morin.
13:42 of 2nd period - Stopped by Beck Warm without a rebound.
13:43 of 2nd period - Peter Abbandonato wins face-off versus Philip Tomasino in Hartford Wolf Pack zone.
13:44 of 2nd period - Wrist shot by Samuel Morin.
13:44 of 2nd period - Stopped by Beck Warm without a rebound.
13:45 of 2nd period - Peter Abbandonato wins face-off versus Karson Kuhlman in Hartford Wolf Pack zone.
13:48 of 2nd period - Snap shot by Cole Koepke.
13:48 of 2nd period - Deflect By Karson Kuhlman.
13:48 of 2nd period - Stopped by Beck Warm with a rebound.
14:10 of 2nd period - Chase Pearson is hit by Josh Mahura and loses puck.
14:17 of 2nd period - Slapshot by Noah Dobson.
14:17 of 2nd period - Shot Misses the Net.
14:19 of 2nd period - Snap shot by Aleksi Heponiemi.
14:19 of 2nd period - Stopped by Christopher Gibson without a rebound.
14:20 of 2nd period - Gerald Mayhew wins face-off versus Adam Ruzicka in Manitoba Moose zone.
14:20 of 2nd period - Gerald Mayhew is hit by Sasha Chmelevski.
14:26 of 2nd period - Adam Ruzicka is hit by Gerald Mayhew and loses puck.
14:59 of 2nd period - Snap shot by Eetu Luostarinen.
14:59 of 2nd period - Shot Misses the Net.
15:20 of 2nd period - Snap shot by Karson Kuhlman.
15:20 of 2nd period - Stopped by Christopher Gibson with a rebound.
15:40 of 2nd period - Snap shot by Sasha Chmelevski.
15:40 of 2nd period - Deflect By Arthur Kaliyev.
15:40 of 2nd period - Stopped by Christopher Gibson with a rebound.
15:55 of 2nd period - Icing by Cole Koepke.
15:56 of 2nd period - Peter Abbandonato wins face-off versus Dakota Joshua in Manitoba Moose zone.
16:29 of 2nd period - Snap shot by Nicholas Robertson.
16:29 of 2nd period - Shot Blocked by Chase Pearson.
17:25 of 2nd period - Snap shot by Sasha Chmelevski.
17:25 of 2nd period - Stopped by Christopher Gibson without a rebound.
17:26 of 2nd period - Chase Pearson wins face-off versus Philippe Maillet in Manitoba Moose zone.
17:33 of 2nd period - Nicholas Robertson is hit by Chase Pearson and loses puck.
17:38 of 2nd period - Snap shot by Eetu Luostarinen.
17:38 of 2nd period - Shot Misses the Net.
17:40 of 2nd period - Snap shot by Mikhail Grigorenko.
17:40 of 2nd period - Stopped by Beck Warm with a rebound.
17:42 of 2nd period - Wrist shot by Eetu Luostarinen.
17:42 of 2nd period - Shot Misses the Net.
18:02 of 2nd period - Slapshot by Gerald Mayhew.
18:02 of 2nd period - Stopped by Beck Warm with a rebound.
18:14 of 2nd period - Slapshot by Victor Mete.
18:14 of 2nd period - Stopped by Beck Warm with a rebound.
18:16 of 2nd period - Slapshot by Brian Lashoff.
18:16 of 2nd period - Shot Blocked by Noah Dobson.
18:18 of 2nd period - Snap shot by Bryce Misley.
18:18 of 2nd period - Stopped by Beck Warm without a rebound.
18:19 of 2nd period - Brandon Biro wins face-off versus Chase Pearson in Hartford Wolf Pack zone.
18:46 of 2nd period - Sasha Chmelevski is hit by Brian Lashoff and loses puck.
19:05 of 2nd period - Gerald Mayhew is hit by Marc Del Gaizo and loses puck.
19:31 of 2nd period - Karson Kuhlman is hit by Gerald Mayhew and loses puck.
Goals for this period are 2 for Manitoba Moose vs 1 for Hartford Wolf Pack.
Shots for this period are 17 for Manitoba Moose vs 10 for Hartford Wolf Pack.

3rd period


0:01 of 3rd period - Adam Ruzicka wins face-off versus Chase Pearson in neutral zone.
0:52 of 3rd period - Wrist shot by Eetu Luostarinen.
0:52 of 3rd period - Stopped by Beck Warm with a rebound.
0:54 of 3rd period - Slapshot by Thomas Schemitsch.
0:54 of 3rd period - Stopped by Beck Warm without a rebound.
0:55 of 3rd period - Peter Abbandonato wins face-off versus Adam Ruzicka in Hartford Wolf Pack zone.
1:00 of 3rd period - Wrist shot by Samuel Morin.
1:00 of 3rd period - Shot Blocked by Marc Del Gaizo.
1:10 of 3rd period - Snap shot by Adam Ruzicka.
1:10 of 3rd period - Stopped by Christopher Gibson without a rebound.
1:11 of 3rd period - Sean Malone wins face-off versus Philippe Maillet in Manitoba Moose zone.
1:11 of 3rd period - Sean Malone is hit by Aleksi Heponiemi.
1:21 of 3rd period - Shane Gersich is hit by Nicholas Robertson and loses puck.
1:45 of 3rd period - Snap shot by Arthur Kaliyev.
1:45 of 3rd period - Shot Misses the Net.
2:03 of 3rd period - Wrist shot by Philip Tomasino.
2:03 of 3rd period - Shot Misses the Net.
2:05 of 3rd period - Slapshot by Noah Dobson.
2:05 of 3rd period - Shot Misses the Net.
2:07 of 3rd period - Slapshot by Caleb Jones.
2:07 of 3rd period - Deflect By Jeff Malott.
2:07 of 3rd period - Shot Misses the Net.
2:07 of 3rd period - Puck is out of play.
2:08 of 3rd period - Philippe Maillet wins face-off versus Chase Pearson in Manitoba Moose zone.
2:09 of 3rd period - Wrist shot by Aleksi Heponiemi.
2:09 of 3rd period - Shot Misses the Net.
2:41 of 3rd period - Icing by Samuel Morin.
2:42 of 3rd period - Arthur Kaliyev wins face-off versus Peter Abbandonato in Manitoba Moose zone.
2:45 of 3rd period - Snap shot by Sasha Chmelevski.
2:45 of 3rd period - Shot Blocked by Andreas Borgman.
2:53 of 3rd period - Wrist shot by Adam Ruzicka.
2:53 of 3rd period - Stopped by Christopher Gibson without a rebound.
2:54 of 3rd period - Adam Ruzicka wins face-off versus Eetu Luostarinen in Manitoba Moose zone.
2:55 of 3rd period - Wrist shot by Arthur Kaliyev.
2:55 of 3rd period - Stopped by Christopher Gibson with a rebound.
2:57 of 3rd period - Snap shot by Sasha Chmelevski.
2:57 of 3rd period - Stopped by Christopher Gibson with a rebound.
2:59 of 3rd period - Slapshot by Adam Ruzicka.
2:59 of 3rd period - Shot Misses the Net.
3:01 of 3rd period - Slapshot by Caleb Jones.
3:01 of 3rd period - Shot Misses the Net.
3:03 of 3rd period - Backhand shot by Adam Ruzicka.
3:03 of 3rd period - Stopped by Christopher Gibson with a rebound.
3:05 of 3rd period - Snap shot by Arthur Kaliyev.
3:05 of 3rd period - Shot Blocked by Brian Lashoff.
3:07 of 3rd period - Snap shot by Arthur Kaliyev.
3:07 of 3rd period - Shot Blocked by Brian Lashoff.
3:09 of 3rd period - Slapshot by Noah Dobson.
3:09 of 3rd period - Stopped by Christopher Gibson with a rebound.
3:24 of 3rd period - Noah Dobson is hit by Victor Mete and loses puck.
4:07 of 3rd period - Gerald Mayhew is hit by Philip Tomasino and loses puck.
4:58 of 3rd period - Off-side.
4:59 of 3rd period - Adam Ruzicka wins face-off versus Mikhail Grigorenko in neutral zone.
5:38 of 3rd period - Snap shot by Bryce Misley.
5:38 of 3rd period - Stopped by Beck Warm with a rebound.
6:10 of 3rd period - Slapshot by Gustav Olofsson.
6:10 of 3rd period - Shot Blocked by Bode Wilde.
6:12 of 3rd period - Snap shot by Sheldon Dries.
6:12 of 3rd period - Stopped by Christopher Gibson without a rebound.
6:13 of 3rd period - Dakota Joshua wins face-off versus Chase Pearson in Manitoba Moose zone.
6:47 of 3rd period - Snap shot by Victor Mete.
6:47 of 3rd period - Shot Misses the Net.
7:19 of 3rd period - Snap shot by Sheldon Dries.
7:19 of 3rd period - Deflect By Brandon Biro.
7:19 of 3rd period - Shot Blocked by Eetu Luostarinen.
7:19 of 3rd period - Puck is out of play.
7:20 of 3rd period - Peter Abbandonato wins face-off versus Adam Ruzicka in Manitoba Moose zone.
7:25 of 3rd period - Marc Del Gaizo is hit by Victor Mete and loses puck.
7:33 of 3rd period - Wrist shot by Peter Abbandonato.
7:33 of 3rd period - Shot Blocked by Sasha Chmelevski.
7:35 of 3rd period - Wrist shot by Brian Lashoff.
7:35 of 3rd period - Deflect By Cole Koepke.
7:35 of 3rd period - Stopped by Beck Warm with a rebound.
8:09 of 3rd period - Wrist shot by Philip Tomasino.
8:09 of 3rd period - Stopped by Christopher Gibson without a rebound.
8:10 of 3rd period - Bryce Misley wins face-off versus Philip Tomasino in Manitoba Moose zone.
8:35 of 3rd period - Victor Mete is hit by Nicholas Robertson and loses puck.
8:40 of 3rd period - Wrist shot by Philippe Maillet.
8:40 of 3rd period - Stopped by Christopher Gibson without a rebound.
8:41 of 3rd period - Philippe Maillet wins face-off versus Eetu Luostarinen in Manitoba Moose zone.
9:00 of 3rd period - Snap shot by Nicholas Robertson.
9:00 of 3rd period - Shot Blocked by Jake Walman.
9:08 of 3rd period - Snap shot by Nicholas Robertson.
9:08 of 3rd period - Stopped by Christopher Gibson with a rebound.
9:10 of 3rd period - Snap shot by Aleksi Heponiemi.
9:10 of 3rd period - Deflect By Philippe Maillet.
9:10 of 3rd period - Goal by Philippe Maillet - Manitoba Moose : 3 - Hartford Wolf Pack : 3.
9:11 of 3rd period - Adam Ruzicka wins face-off versus Chase Pearson in neutral zone.
9:32 of 3rd period - Eetu Luostarinen is hit by Adam Ruzicka and loses puck.
9:41 of 3rd period - Slapshot by Brian Lashoff.
9:41 of 3rd period - Deflect By Noah Dobson.
9:41 of 3rd period - Stopped by Beck Warm with a rebound.
9:43 of 3rd period - Slapshot by Victor Mete.
9:43 of 3rd period - Stopped by Beck Warm without a rebound.
9:44 of 3rd period - Peter Abbandonato wins face-off versus Philippe Maillet in Hartford Wolf Pack zone.
9:59 of 3rd period - Snap shot by Aleksi Heponiemi.
9:59 of 3rd period - Stopped by Christopher Gibson with a rebound.
10:11 of 3rd period - Josh Mahura is hit by Bryce Misley and loses puck.
10:56 of 3rd period - Chase Pearson is hit by Sheldon Dries and loses puck.
11:24 of 3rd period - Snap shot by Peter Abbandonato.
11:24 of 3rd period - Shot Misses the Net.
11:40 of 3rd period - Adam Ruzicka is hit by Bryce Misley and loses puck.
11:55 of 3rd period - Slapshot by Noah Dobson.
11:55 of 3rd period - Shot Blocked by Gerald Mayhew.
11:57 of 3rd period - Slapshot by Jeff Malott.
11:57 of 3rd period - Goal by Jeff Malott - Manitoba Moose : 3 - Hartford Wolf Pack : 4.
11:58 of 3rd period - Chase Pearson wins face-off versus Adam Ruzicka in neutral zone.
12:07 of 3rd period - Wrist shot by Eetu Luostarinen.
12:07 of 3rd period - Shot Misses the Net.
12:09 of 3rd period - Slapshot by Chase Pearson.
12:09 of 3rd period - Shot Misses the Net.
12:11 of 3rd period - Slapshot by Guillaume Brisebois.
12:11 of 3rd period - Stopped by Beck Warm with a rebound.
12:13 of 3rd period - Wrist shot by Mikhail Grigorenko.
12:13 of 3rd period - Shot Misses the Net.
13:12 of 3rd period - Philip Tomasino is hit by Chase Pearson and loses puck.
14:38 of 3rd period - Slapshot by Josh Mahura.
14:38 of 3rd period - Deflect By Philip Tomasino.
14:38 of 3rd period - Stopped by Christopher Gibson without a rebound.
14:39 of 3rd period - Peter Abbandonato wins face-off versus Arthur Kaliyev in Manitoba Moose zone.
14:39 of 3rd period - Peter Abbandonato is hit by Adam Ruzicka.
15:05 of 3rd period - Jared McIsaac is hit by Nicholas Robertson and loses puck.
15:48 of 3rd period - Snap shot by Sheldon Dries.
15:48 of 3rd period - Shot Blocked by Guillaume Brisebois.
15:54 of 3rd period - Wrist shot by Sheldon Dries.
15:54 of 3rd period - Shot Blocked by Guillaume Brisebois.
15:56 of 3rd period - Slapshot by Noah Dobson.
15:56 of 3rd period - Shot Misses the Net.
15:58 of 3rd period - Snap shot by Sheldon Dries.
15:58 of 3rd period - Shot Misses the Net.
16:12 of 3rd period - Snap shot by Adam Ruzicka.
16:12 of 3rd period - Stopped by Christopher Gibson without a rebound.
16:13 of 3rd period - Arthur Kaliyev wins face-off versus Sean Malone in Manitoba Moose zone.
16:22 of 3rd period - Slapshot by Arthur Kaliyev.
16:22 of 3rd period - Shot Misses the Net.
16:24 of 3rd period - Slapshot by Adam Ruzicka.
16:24 of 3rd period - Stopped by Christopher Gibson without a rebound.
16:25 of 3rd period - Sean Malone wins face-off versus Philip Tomasino in Manitoba Moose zone.
17:09 of 3rd period - Off-side.
17:10 of 3rd period - Philippe Maillet wins face-off versus Peter Abbandonato in neutral zone.
17:13 of 3rd period - Slapshot by Gustav Olofsson.
17:13 of 3rd period - Deflect By Philippe Maillet.
17:13 of 3rd period - Stopped by Christopher Gibson without a rebound.
17:14 of 3rd period - Philippe Maillet wins face-off versus Peter Abbandonato in Manitoba Moose zone.
17:29 of 3rd period - Cole Koepke is hit by Nicholas Robertson and loses puck.
17:44 of 3rd period - Snap shot by Gerald Mayhew.
17:44 of 3rd period - Stopped by Beck Warm with a rebound.
17:46 of 3rd period - Slapshot by Jake Walman.
17:46 of 3rd period - Stopped by Beck Warm without a rebound.
17:47 of 3rd period - Sean Malone wins face-off versus Philip Tomasino in Hartford Wolf Pack zone.
18:09 of 3rd period - Minor Penalty to Shane Gersich for Hooking.
18:10 of 3rd period - Eetu Luostarinen wins face-off versus Arthur Kaliyev in Manitoba Moose zone.
18:42 of 3rd period - Minor Penalty to Philippe Maillet for Hooking.
18:43 of 3rd period - Adam Ruzicka wins face-off versus Eetu Luostarinen in Hartford Wolf Pack zone.
Goals for this period are 0 for Manitoba Moose vs 2 for Hartford Wolf Pack.
Shots for this period are 9 for Manitoba Moose vs 17 for Hartford Wolf Pack.